 Dungeon Crawl Stone Soup version 0.24.0-13-gcf9b319 (webtiles) character file.

Game seed: 10652473340000748871, levelgen mode: deterministic

3315 Fang the Fighter (level 10, -3/64 HPs)
             Began as a Gargoyle Fighter on Dec 20, 2019.
             Slain by Harold
             ... wielding a +1 dire flail of venom
              (20 damage)
             ... on level 7 of the Dungeon.
             The game lasted 00:05:19 (5480 turns).

Fang the Fighter (Gargoyle Fighter)                 Turns: 5480, Time: 00:05:20

Health: -3/64      AC: 15    Str: 22    XL:     10   Next: 1%
Magic:  10/10      EV:  8    Int: 10    God:
Gold:   407        SH: 12    Dex:  9    Spells: 9/9 levels left

rFire    . . .     SeeInvis .   w - +1 war axe (elec)
rCold    . . .     Gourm    .   B - +1 shield
rNeg     + . .     Faith    .   b - +0 scale mail
rPois    ∞         Spirit   .   (no helmet)
rElec    +         Reflect  .   (no cloak)
rCorr    .         Harm     .   (no gloves)
MR       .....                  (no boots)
Stlth    ..........             (no amulet)
HPRegen  0.20/turn              (no ring)
MPRegen  0.12/turn              (no ring)

@: marked
A: negative energy resistance 1, electricity resistance, unbreathing,
petrification resistance, rot immunity, AC +7
a: no special abilities


You were on level 7 of the Dungeon.
You were not hungry.

You visited 2 branches of the dungeon, and saw 8 of its levels.

You collected 407 gold pieces.

Inventory:

Hand Weapons
 a - a +0 war axe
 w - a +1 war axe of electrocution (weapon)
Armour
 b - a +0 scale mail (worn)
 B - a +1 shield (worn)
Wands
 f - a wand of digging (6)
 o - a wand of random effects (19)
 y - a wand of flame (8)
Scrolls
 h - a scroll of amnesia
 i - 2 scrolls of remove curse
 k - 3 scrolls of teleportation
 l - a scroll of random uselessness {unknown}
 m - 3 scrolls of identify
 p - a scroll of vulnerability {unknown}
 u - a scroll of enchant armour
Potions
 e - a potion of ambrosia {unknown}
 g - a potion of invisibility
 j - 2 potions of haste
 n - a potion of resistance
 q - 2 potions of brilliance {unknown}
 r - a potion of heal wounds {unknown}
 t - 4 potions of flight {unknown}
Comestibles
 c - 12 rations
 d - 6 chunks of flesh


   Skills:
 + Level 8.3 Fighting
 + Level 6.5 Axes
 + Level 8.3 Armour
 + Level 8.3 Shields


You had 9 spell levels left.
You didn't know any spells.
Your spell library was empty.

Dungeon Overview and Level Annotations

Branches:
Dungeon (7/15)             Temple (1/1) D:6

Altars:
Cheibriados
Makhleb
Nemelex Xobeh
Okawaru
Qazlal
Ru
Sif Muna
Uskayaw
Vehumet
Wu Jian
Yredelemnul
Lugonu

Annotations:
D:7 Harold


Innate Abilities, Weirdness & Mutations

You are resistant to torment.
Your stone body is resilient. (AC +7)
You are immune to poison.
You resist negative energy. (rN+)
You are resistant to electric shocks. (rElec)
You can survive without breathing.
You are immune to petrification.
You are immune to rotting.


Message History

You are too injured to fight recklessly!
You barely miss Harold.
Harold is moderately wounded.
You slash the adder zombie!
Lightning courses through the adder zombie!!
You destroy the adder zombie!
You block Harold's attack.
You are too injured to fight recklessly!
You hit Harold.
Harold is heavily wounded.
Harold hits you with a +1 dire flail of venom!
* * * LOW HITPOINT WARNING * * *
You hit Harold. Lightning courses through Harold!
Harold is severely wounded.
Harold gestures at you while chanting. A sentinel's mark forms upon you.
You hit Harold but do no damage.
Harold is severely wounded.
Harold hits you with a +1 dire flail of venom!!
You die...

######## ....#########
#....... ......#.....#
#....... ......#.....#
#....... ............#
###..... ..........#
#..... #........# #.....
##...@....#######.....
###....@..####......####
..'.....................
#####..........#.......#..
.....####..............#..
.....# #........#######..
..... #........###......
#...###..........#......
..#................#......
...........##.............


You could see Harold.

Vanquished Creatures
  Pikel (D:5)
  A troll (D:6)
  2 hippogriffs (D:7)
  A hungry ghost (D:7)
  An orc warrior (D:7)
  2 sky beasts (D:6)
  An ice beast (D:7)
  2 ogres
  A phantom (D:6)
  2 centaurs (D:7)
  3 bullfrogs
  3 scorpions
  A quasit (D:6)
  3 crimson imps
  2 bullfrog skeletons
  3 orc priests
  2 hounds
  3 iguanas
  6 orc wizards
  4 worker ants
  A killer bee zombie (D:7)
  2 worker ant zombies
  4 gnolls (D:4)
  A howler monkey skeleton (D:6)
  9 adders
  A shadow imp (D:6)
  An adder skeleton (D:3)
  3 adder zombies
  A worm (D:4)
  3 dart slugs
  8 leopard geckos
  31 orcs
  7 giant cockroaches
  6 goblins
  3 hobgoblins
  17 jackals
  13 kobolds
  9 quokkas
  7 bats
  9 frilled lizards
  2 jackal skeletons
  A quokka zombie (D:7)
  6 rats
189 creatures vanquished.

Vanquished Creatures (others)
  An orc wizard (D:5)
  A shadow imp (D:5)
  3 orcs (D:5)
  2 frilled lizards (D:5)
7 creatures vanquished.

Grand Total: 196 creatures vanquished

Notes
Turn   | Place    | Note
-------+----------+-------------------------------------------
     0 | D:1      | Fang the Gargoyle Fighter began the quest for the Orb.
     0 | D:1      | Reached XP level 1. HP: 14/14 MP: 1/1
   121 | D:1      | Reached XP level 2. HP: 16/19 MP: 2/2
   881 | D:2      | Reached XP level 3. HP: 23/23 MP: 3/3
  1085 | D:2      | Reached XP level 4. HP: 20/29 MP: 4/4
  1539 | D:3      | Reached XP level 5. HP: 33/33 MP: 5/5
  1965 | D:4      | Found a radiant altar of Vehumet.
  2001 | D:4      | Reached XP level 6. HP: 33/39 MP: 6/6
  3024 | D:5      | Entered Level 5 of the Dungeon
  3044 | D:5      | Reached skill level 5 in Shields
  3052 | D:5      | Found a snail-covered altar of Cheibriados.
  3133 | D:5      | Reached skill level 5 in Fighting
  3133 | D:5      | Reached skill level 5 in Armour
  3151 | D:5      | Reached XP level 7. HP: 22/44 MP: 7/7
  3237 | D:5      | Noticed Pikel
  3261 | D:5      | Killed Pikel
  3261 | D:5      | Reached XP level 8. HP: 32/51 MP: 8/8
  3539 | D:5      | Found a sacrificial altar of Ru.
  3869 | D:6      | Reached skill level 5 in Axes
  4213 | D:6      | Found a staircase to the Ecumenical Temple.
  4246 | D:6      | Noticed a troll
  4255 | D:6      | Reached XP level 9. HP: 32/57 MP: 9/9
  4261 | D:6      | Killed a troll
  4521 | D:6      | Found a sparkling altar of Nemelex Xobeh.
  4847 | Temple   | Entered the Ecumenical Temple
  5323 | D:7      | Found a hide-covered altar of Uskayaw.
  5408 | D:7      | Reached XP level 10. HP: 46/64 MP: 10/10
  5467 | D:7      | Noticed Harold
  5480 | D:7      | Slain by Harold

Levels and vault maps discovered:
D:1:      wander_arrival_estate, layout_loops_corners
D:2:      layout_loops_cross
D:3:      layout_rooms
D:4:      minmay_general_purpose_star, layout_loops_corners,
          vehumet_altar_wand_db, first_ration
D:5:      layout_loops_cross, lemuel_crystal_altar, overflow_temple_1_default,
          uniq_pikel
D:6:      layout_rooms, lemuel_coloured_pillars_altar, temple_doors_cd
D:7:      layout_basic, xom_confusion_cloud, eat_drink_and_be_merry_uskayaw,
          uniq_harold
Temple:   corrupted_temple

Skill      XL: |  1  2  3  4  5  6  7  8  9 |
---------------+----------------------------+-----
Axes           | 2 3 4 5 6 |  6.5
Fighting       | 4 5 7 8 |  8.3
Armour         | 4 5 6 8 |  8.3
Shields        | 4 5 7 8 |  8.3

Action                   |  1- 3 |  4- 6 |  7- 9 | 10-12 || total
-------------------------+-------+-------+-------+-------++-------
Melee: War axe           |   105 |   247 |   284 |     8 ||   644
  Use: Scroll            |       |    12 |       |       ||    12
       Potion            |       |       |     1 |       ||     1
  Eat: Chunk             |     1 |     7 |    10 |     1 ||    19
Armor: Scale mail        |    70 |   128 |   187 |     1 ||   386
Dodge: Dodged            |    39 |    77 |    96 |     2 ||   214
Block: Shield            |    60 |   133 |   191 |     5 ||   389
